 Dungeon Crawl Stone Soup version 0.32-a0-42-ga30500b4d3 (webtiles) character file.

Game seed: 16789713114164083774

91059 anacleto the Metamorph (level 15, -9/211 HPs)
             Began as a Troll Shapeshifter on Jan 27, 2024.
             Was the Champion of the Shining One.
             Mangled by a demonic crawler (19 damage)
             ... on level 1 of the Spider Nest.
             The game lasted 01:43:11 (27523 turns).

anacleto the Metamorph (Troll Shapeshifter)        Turns: 27523, Time: 01:43:11

Health: -9/211     AC:  4    Str: 32    XL:     15   Next: 54%
Magic:  21/21      EV: 11    Int:  2    God:    the Shining One [******]
Gold:   2944       SH:  0    Dex:  9    Spells: 14/14 levels left

rFire   x .          .
                       - Unarmed
rCold   . . .        h - +0 kite shield
rNeg    + + +        q - melded +0 acid dragon scales
rPois   .            U - +2 hat
rElec   +            m - scarf of Xaofit {harm, +Blink rElec Int-3}
rCorr   .            (gloves unavailable)
SInv    .            (boots unavailable)
Will    +++..        v - necklace of Bloodlust {Fury *Rage Will++ Int-3 Slay+6} Stlth
                     Y - ring "Ogodiufi" {Fly rElec Int+2}
HPRegen 1.35/turn    s - ring "Adwiwe Adys" {Ice +Blink Slay+3 Stlth+}
MPRegen 0.17/turn

%: random rage (50%), harm (+30% outgoing, +20% incoming)
@: confused, berserking (expiring), maw-form, flying, glowing, very quick
A: devouring maw, large, unfitting armour, claws 3, regeneration 1, shaggy fur
1, tough skin 1, cold vulnerability 1
a: Begin Untransformation, Renounce Religion, Evoke Blink, Divine Shield,
Cleansing Flame, Summon Divine Warrior, Brand Weapon With Holy Wrath


You were on level 1 of the Spider Nest.
You worshipped the Shining One.
The Shining One was exalted by your worship.
You were a creature with a mouth for a stomach.
You visited 5 branches of the dungeon, and saw 24 of its levels.
You also visited: Trove and Ossuary.

You collected 3686 gold pieces.
You spent 742 gold pieces at shops.

Inventory:

Missiles
 b - 4 throwing nets
 e - 6 boomerangs (quivered)
 t - 5 silver javelins
 y - 8 curare-tipped darts
 P - 21 poisoned darts
 Q - 35 large rocks
 V - 5 atropa-tipped darts
Armour
 h - a +0 kite shield (worn)
 m - the scarf of Xaofit (worn) {harm, +Blink rElec Int-3}
   (You acquired it on level 8 of the Dungeon)

   Int-3:     It affects your intelligence (-3).
   rElec:     It insulates you from electricity.
   +Blink:    It lets you blink.
 q - +0 acid dragon scales (melded)
 U - a +2 hat (worn)
Jewellery
 s - the ring "Adwiwe Adys" (right claw) {Ice +Blink Slay+3 Stlth+}
   (You found it in a treasure trove)

   [ring of ice]

   Ice:       It enhances your ice magic.
   Slay+3:    It affects your accuracy & damage with ranged weapons and melee
   (+3).
   rF-:       It makes you vulnerable to fire.
   rC+:       It protects you from cold.
   +Blink:    It lets you blink.
   Stlth+:    It makes you more stealthy.
 v - the necklace of Bloodlust (around neck) {Fury *Rage Will++ Int-3 Slay+6}
   (You found it in a treasure trove)

   [amulet of nothing]

   Fury:      It extends the wearer's berserk rage when killing foes.
   Int-3:     It affects your intelligence (-3).
   Slay+6:    It affects your accuracy & damage with ranged weapons and melee
   (+6).
   Will++:    It greatly increases your willpower.
   *Rage:     It berserks you when you make melee attacks (+50% chance).
 A - the brooch of Shielding {Spirit SH+8}
   (You found it in a treasure trove)

   [amulet of guardian spirit]

   Spirit:    It causes incoming damage to be divided between your reserves of
   health and magic.
   SH+8:      It affects your SH (+8).
 M - a +4 ring of protection
 X - the amulet "Zistipt" {Spirit ^Fragile rElec rF++ Str+4}
   (You found it in a treasure trove)

   [amulet of guardian spirit]

   Spirit:    It causes incoming damage to be divided between your reserves of
   health and magic.
   Str+4:     It affects your strength (+4).
   rF++:      It greatly protects you from fire.
   rElec:     It insulates you from electricity.
   ^Fragile:  It will be destroyed if unequipped.
 Y - the ring "Ogodiufi" (left claw) {Fly rElec Int+2}
   (You found it in a treasure trove)

   [ring of flight]

   Int+2:     It affects your intelligence (+2).
   rElec:     It insulates you from electricity.
   Fly:       It grants you flight.
Talismans
 c - a beast talisman
 d - a flux talisman
 f - a maw talisman (active)
 x - the storm talisman of Dishonesty {Str+2 Int+3 Slay+2}
   (You found it on level 5 of the Lair of Beasts)

   [storm talisman]

   Str+2:     It affects your strength (+2).
   Int+3:     It affects your intelligence (+3).
   Slay+2:    It affects your accuracy & damage with ranged weapons and melee
   (+2).
Wands
 k - a wand of mindburst (22)
 l - a wand of digging (12)
 G - a wand of paralysis (25)
 J - a wand of roots (19)
 R - a wand of light (6)
 S - a wand of flame (18)
 T - a wand of polymorph (9)
Scrolls
 a - 4 scrolls of poison
 i - 3 scrolls of enchant armour
 j - 2 scrolls of vulnerability
 o - 3 scrolls of immolation
 z - a scroll of enchant weapon
 D - a scroll of fog
 K - a scroll of teleportation
 W - a scroll of brand weapon
Potions
 g - 4 potions of resistance
 n - 2 potions of invisibility
 p - 5 potions of enlightenment
 r - 3 potions of haste
 u - 3 potions of might
 w - 2 potions of ambrosia
 B - 4 potions of cancellation
 C - 2 potions of mutation
 E - 4 potions of attraction
 F - a potion of lignification
 H - 2 potions of brilliance
 I - 3 potions of heal wounds
 N - a potion of magic {unknown}
 O - 3 potions of curing


   Skills:
 - Level 7.6 Fighting
 - Level 7.0 Throwing
 - Level 7.7 Dodging
 - Level 6.8 Shields
 - Level 9.4 Unarmed Combat
 + Level 10.0 Invocations
 * Level 17.2 Shapeshifting


You had 14 spell levels left.
You didn't know any spells.
Your spell library contained the following spells:

 Spells                   Type           Power      Damage    Failure   Level
 Kiss of Death            Conj/Necr      0%         2d5       73%         1
 Sandblast                Erth           0%         2d4       73%         1
 Shock                    Conj/Air       0%         1d3       73%         1
 Slow                     Hex            0%         N/A       73%         1
 Sting                    Conj/Alch      0%         1d3       73%         1
 Mercury Vapours          Alch/Air       0%         N/A       86%         2
 Static Discharge         Conj/Air       0%         3-3/arc   86%         2
 Sublimation of Blood     Necr           0%         N/A       86%         2
 Confusing Touch          Hex            0%         N/A       97%         3
 Dazzling Flash           Conj/Hex       0%         N/A       97%         3
 Fugue of the Fallen      Necr           0%         N/A       97%         3
 Mephitic Cloud           Conj/Alch/Air  0%         N/A       97%         3
 Ozocubu's Armour         Ice            0%         N/A       97%         3
 Passwall                 Erth           0%         N/A       97%         3
 Sigil of Binding         Hex            0%         N/A       97%         3
 Stone Arrow              Conj/Erth      0%         3d7       97%         3
 Swiftness                Air            0%         N/A       97%         3
 Tukima's Dance           Hex            0%         N/A       97%         3
 Vampiric Draining        Necr           0%         2d6       97%         3
 Airstrike                Air            0%         2d(0-16)  100%        4
 Brom's Barrelling Bould  Conj/Erth      0%         2d3       100%        4
 Cause Fear               Hex            0%         N/A       100%        4
 Dimensional Bullseye     Hex/Tloc       0%         N/A       100%        4
 Dispel Undead            Necr           0%         3d6       100%        4
 Iskenderun's Mystic Bla  Conj/Tloc      0%         2d3       100%        4
 Manifold Assault         Tloc           0%         N/A       100%        4
 Olgreb's Toxic Radiance  Alch           0%         N/A       100%        4
 Petrify                  Alch/Erth      0%         N/A       100%        4
 Summon Lightning Spire   Summ/Air       0%         N/A       100%        4
 Curse of Agony           Necr           0%         N/A       100%        5
 Fireball                 Conj/Fire      0%         3d3       100%        5
 Irradiate                Conj/Alch      0%         3d11      100%        5
 Silence                  Hex/Air        0%         N/A       100%        5
 Dragon's Call            Summ           0%         N/A       100%        9


Dungeon Overview and Level Annotations

Branches:
Dungeon (15/15)            Temple (1/1) D:6            Lair (5/5) D:8
 Shoals (0/4) Lair:3       Spider (1/4) Lair:3        Slime (0/5) Lair:5
    Orc (2/2) D:10            Elf (0/3) Orc:2        Vaults (0/5) D:14
Ossuary (visited)
 Depths: D:15

Altars:
Ashenzari
Cheibriados
Dithmenos
Elyvilon
Fedhas
Gozag
Hepliaklqana
Kikubaaqudgha
Makhleb
Nemelex Xobeh
Okawaru
Qazlal
Ru
Sif Muna
Trog
Uskayaw
Vehumet
Wu Jian
Xom
Yredelemnul
Zin
The Shining One
Jiyva

Shops:
D:5 :   D:9 ??([   Orc:2 (!(*[

Annotations:
D:3 1 runed translucent door, Crazy Yiuf
D:13 2 transporters, Newt's ghost, journeyman MfGl
Lair:3 3 runed translucent doors, Jasyk's ghost, journeyman DsFi; PriceMaster's ghost, journeyman OpCj


Innate Abilities, Weirdness & Mutations

You are a creature with a mouth for a stomach.
Your midsection houses a second, enormous mouth.
You are too large for most types of armour.
You have claws for hands.
Your natural rate of healing is unusually fast.
You are covered in fur. (AC +1)
You have tough skin. (AC +1)
You are vulnerable to cold. (rC-)


Message History

Press: ? - help, Q - select action, (/) - cycle Dir - look around, f - activate You throw a boomerang.
The tarantella touches you.
The tarantella touches you but does no damage.
The demonic crawler hits you but does no damage.
The demonic crawler closely misses you. The demonic crawler barely misses you.
You claw the demonic crawler! You bite the demonic crawler!!
The demonic crawler is heavily wounded.
The tarantella touches you.
You are afflicted by dizzying energies!
You are more confused.
The demonic crawler hits you! x2
The demonic crawler hits you but does no damage.
A red film seems to cover your vision as you go berserk!
You feel yourself moving faster!
You feel mighty!
You completely miss the demonic crawler.
Your bite misses the demonic crawler.
The demonic crawler is heavily wounded.
The tarantella touches you!
* * * LOW HITPOINT WARNING * * *
The demonic crawler closely misses you. x2; The demonic crawler hits you!
* * * LOW HITPOINT WARNING * * *
The jumping spider leaps!
You feel a strong urge to attack something.
The jumping spider pounces on you!
* * * LOW HITPOINT WARNING * * *
The jumping spider bites you but does no damage.
You completely miss the jumping spider. You bite the jumping spider!!
The jumping spider is severely wounded.
The tarantella touches you but does no damage.
The jumping spider barely misses you. The jumping spider bites you.
* * * LOW HITPOINT WARNING * * *
The demonic crawler hits you!
* * * LOW HITPOINT WARNING * * *
The demonic crawler barely misses you. The demonic crawler misses you.
The jumping spider closely misses you. The jumping spider barely misses you.
You see here a potion of heal wounds.
You miss the jumping spider.
The jumping spider is severely wounded.
The tarantella misses you. The demonic crawler hits you!
You die...

#### #^..#.
#..... ##.....
### #.#..#
##..##.†$(#
##...^..†..#
#......s...#
##.....sW..##
#...<.s....#
##.............
#........#..#...
#............#
#.
#......#.......
#.....###......
#..... #......#
#..... #...#


You could see a demonic crawler, a jumping spider and a tarantella.

Vanquished Creatures
  Kirke (D:11)
  A minotaur (D:12)
  Josephine (D:12)
  Harold (Lair:2)
  6 hydras
  A boulder beetle (Lair:5)
  4 two-headed ogres
  A centaur warrior (D:14)
  3 orc high priests (Orc:2)
  11 spriggans (Lair:5)
  Sonja (Lair:1)
  A skyshark (Lair:4)
  13 skeletal warriors
  A phantasmal warrior (D:14)
  A lindwurm (Lair:5)
  6 orc knights
  4 deep elf pyromancers
  7 ugly things
  8 cyclopes
  4 orc sorcerers (Orc:2)
  A merfolk siren (Lair:3)
  3 manticores
  4 elephants (Lair:5)
  6 black mambas
  2 kobold blastminers (Orc:2)
  3 gargoyles (D:12)
  Maggie (D:8)
  11 cane toads
  4 rime drakes
  4 kobold demonologists
  An unseen horror (D:11)
  Psyche (D:7)
  4 komodo dragons
  A freezing wraith (D:15)
  3 yaktaurs (D:15)
  9 polar bears
  8 trolls
  7 hornets
  A tarantella (Lair:3)
  2 merfolk (Lair:3)
  Prince Ribbit (Lair:1)
  A dream sheep (Lair:5)
  40 blink frogs
  8 slime creatures
  5 wraiths
  A water elemental (D:14)
  A centaur simulacrum (D:15)
  5 culicivoras
  6 basilisks
  A vampire (D:11)
  A culicivora (shapeshifter) (D:13)
  5 wyverns
  Grum (D:8)
  50 yaks
  4 wargs
  2 hogs (D:11)
  7 vampire mosquitoes
  3 steam dragons
  3 acid dragons
  14 water moccasins
  17 orc warriors
  5 black bears
  2 laughing skulls (D:13)
  A sky beast (D:8)
  9 ogres
  45 wolves
  3 boggarts (Lair:5)
  6 centaurs
  A kobold brigand (D:7)
  2 phantoms
  A weeping skull (Ossuary)
  Blork the orc (Temple)
  12 bullfrogs
  2 gnoll sergeants
  5 scorpions
  7 water moccasin zombies (Ossuary)
  7 wights
  11 killer bees
  4 electric eels
  7 howler monkeys
  A lava snake (D:9)
  3 jellies
  28 orc priests
  A bombardier beetle (D:5)
  3 hounds
  A sleepcap (D:6)
  2 iguanas
  35 orc wizards
  2 crocodile zombies (Ossuary)
  2 mummies (Ossuary)
  10 gnolls
  3 adders
  4 white imps
  4 ufetubi
  An adder zombie (Ossuary)
  3 ribbon worms
  3 dart slugs
  81 orcs
  5 ball pythons
  7 bats
  5 endoplasms
  4 giant cockroaches
  5 gnoll zombies (Ossuary)
  7 goblins
  9 hobgoblins
  2 jackals (D:4)
  20 kobolds
  6 quokkas
  4 frilled lizards
  7 jackal zombies (Ossuary)
  6 orc zombies (Ossuary)
  2 rats
735 creatures vanquished.

Vanquished Creatures (others)
  A human (D:12)
  A kobold (D:8)
2 creatures vanquished.

Grand Total: 737 creatures vanquished

Notes
Turn   | Place    | Note
-------+----------+-------------------------------------------
     0 | D:1      | anacleto the Troll Shapeshifter began the quest for the
                  | Orb.
     0 | D:1      | Reached XP level 1. HP: 18/18 MP: 0/0
   103 | D:1      | Reached skill level 1 in Fighting
   104 | D:1      | Reached XP level 2. HP: 26/27 MP: 1/1
   511 | D:2      | Reached XP level 3. HP: 28/33 MP: 2/2
  1235 | D:2      | Reached XP level 4. HP: 39/41 MP: 3/3
  1646 | D:3      | Reached skill level 4 in Shapeshifting
  1717 | D:3      | Found a basalt altar of Yredelemnul.
  1729 | D:3      | Found an opulent altar of Gozag.
  1845 | D:3      | Found a bloodstained altar of Trog.
  1861 | D:3      | Reached XP level 5. HP: 49/49 MP: 4/4
  1962 | D:3      | Found a runed translucent door.
  1963 | D:3      | Noticed Crazy Yiuf
  2507 | D:4      | Reached XP level 6. HP: 57/57 MP: 5/5
  2568 | D:4      | Found a glowing golden altar of the Shining One.
  2613 | D:4      | Became a worshipper of the Shining One
  2884 | D:4      | Reached skill level 5 in Shapeshifting
  3343 | D:5      | Entered Level 5 of the Dungeon
  3474 | D:5      | Reached XP level 7. HP: 59/66 MP: 6/6
  3966 | D:6      | Found a staircase to the Ecumenical Temple.
  3971 | D:6      | Noticed a steam dragon
  3978 | D:6      | Noticed Blork the orc
  3981 | Temple   | Entered the Ecumenical Temple
  3993 | Temple   | Killed Blork the orc
  4012 | Temple   | Reached skill level 5 in Unarmed Combat
  4012 | Temple   | Reached skill level 6 in Shapeshifting
  4120 | D:6      | Killed a steam dragon
  4121 | D:6      | Reached XP level 8. HP: 45/73 MP: 7/7
  4178 | D:6      | Found a white marble altar of Elyvilon.
  4425 | D:6      | Reached * piety under the Shining One
  4574 | D:6      | Found a shimmering altar of Xom.
  4574 | D:6      | Found a glowing silver altar of Zin.
  4574 | D:6      | Noticed an angel
  4696 | D:5      | Found Qos Tabre's Book Shoppe.
  4948 | D:5      | Reached skill level 1 in Throwing
  4960 | D:5      | Found an ancient bone altar of Kikubaaqudgha.
  5017 | D:5      | Reached skill level 1 in Shields
  5017 | D:5      | Reached skill level 1 in Invocations
  5236 | D:6      | Reached skill level 7 in Shapeshifting
  5606 | D:7      | Found a sand-covered staircase.
  5611 | Ossuary  | Entered an ossuary
  5724 | Ossuary  | Reached ** piety under the Shining One
  5737 | Ossuary  | Reached XP level 9. HP: 77/84 MP: 9/9
  5914 | Ossuary  | Reached *** piety under the Shining One
  6277 | D:8      | Noticed a two-headed ogre
  6290 | D:7      | Killed a two-headed ogre
  6366 | D:8      | Noticed Maggie
  6385 | D:8      | Killed Maggie
  6436 | D:8      | Noticed Psyche
  6438 | D:8      | Noticed Grum
  6446 | D:7      | Reached skill level 5 in Dodging
  6446 | D:7      | Reached skill level 8 in Shapeshifting
  6483 | D:7      | Killed Psyche
  6484 | D:7      | Reached XP level 10. HP: 94/94 MP: 8/11
  6610 | D:8      | Found a faded altar of an unknown god.
  6675 | D:8      | Found a staircase to the Lair.
  6717 | D:8      | Killed Grum
  6869 | D:8      | Reached skill level 5 in Fighting
  7140 | D:8      | Found a shadowy altar of Dithmenos.
  7140 | D:8      | Reached **** piety under the Shining One
  7248 | D:8      | Found a burning altar of Makhleb.
  7248 | D:8      | Noticed a green death
  7302 | D:8      | Identified a scroll of acquirement
  7303 | D:8      | Acquired the scarf of Xaofit {harm, +Blink rElec Int-3}
  8062 | D:9      | Found Piamed's Magic Scroll Emporium.
  8064 | D:9      | Found Cinnu's Magic Scroll Shop.
  8066 | D:9      | Found Inash's Antique Weapon Emporium.
  8073 | D:9      | Bought a scroll of identify for 26 gold pieces
  8073 | D:9      | Bought a scroll of blinking for 97 gold pieces
  8073 | D:9      | Bought a scroll of teleportation for 39 gold pieces
  8073 | D:9      | Bought a scroll of identify for 26 gold pieces
  8073 | D:9      | Bought a scroll of teleportation for 39 gold pieces
  8073 | D:9      | Bought a scroll of fear for 52 gold pieces
  8143 | D:9      | Bought a scroll of identify for 26 gold pieces
  8143 | D:9      | Bought a scroll of identify for 26 gold pieces
  8143 | D:9      | Bought a scroll of revelation for 97 gold pieces
  8377 | D:9      | Found Lidos's Armour Shoppe.
  8469 | D:9      | Found a sparkling altar of Nemelex Xobeh.
  8678 | D:10     | Entered Level 10 of the Dungeon
  8685 | D:10     | Reached skill level 9 in Shapeshifting
  9652 | D:10     | Reached XP level 11. HP: 90/104 MP: 13/13
  9898 | D:10     | Found a staircase to the Orcish Mines.
 10138 | D:10     | Reached skill level 10 in Shapeshifting
 10278 | D:10     | Found a broken altar of Ashenzari.
 10524 | D:11     | Noticed a deep elf pyromancer
 10539 | D:11     | Killed a deep elf pyromancer
 10645 | D:11     | Reached skill level 11 in Shapeshifting
 10760 | D:11     | Reached ***** piety under the Shining One
 10831 | D:11     | Noticed a two-headed ogre
 10841 | D:11     | Killed a two-headed ogre
 11050 | D:11     | Reached skill level 12 in Shapeshifting
 11337 | D:12     | Found a runed translucent door.
 11708 | D:12     | Noticed a two-headed ogre
 11713 | D:12     | Killed a two-headed ogre
 11777 | D:12     | Reached skill level 13 in Shapeshifting
 11972 | D:12     | Reached XP level 12. HP: 87/111 MP: 14/14
 12052 | D:12     | Noticed a two-headed ogre
 12056 | D:12     | Killed a two-headed ogre
 12177 | D:12     | Noticed Kirke
 12345 | D:11     | Killed Kirke
 12346 | D:11     | Reached skill level 14 in Shapeshifting
 12431 | D:12     | Noticed Josephine
 12440 | D:12     | Killed Josephine
 12764 | Orc:1    | Entered Level 1 of the Orcish Mines
 12881 | D:10     | Acquired 1157 gold pieces
 13734 | Orc:1    | Reached skill level 15 in Shapeshifting
 13855 | Orc:2    | Entered Level 2 of the Orcish Mines
 13857 | Orc:2    | Found a staircase to the Elven Halls.
 13898 | Orc:2    | Found Tatt's Antique Armour Emporium.
 14607 | Orc:2    | Noticed an orc high priest
 14635 | Orc:2    | Gained mutation: You are vulnerable to cold. (rC-) [a
                  | neqoxec]
 14642 | Orc:2    | Killed an orc high priest
 14752 | Orc:2    | Noticed an orc high priest
 14761 | Orc:2    | Killed an orc high priest
 14821 | Orc:2    | Paralysed by an orc sorcerer for 4 turns
 14836 | Orc:2    | Reached XP level 13. HP: 64/120 MP: 15/15
 15650 | Orc:2    | Found Tarcheat's Assorted Antiques.
 15650 | Orc:2    | Found Naarixes's Weapon Shop.
 15651 | Orc:2    | Found Komeif's Weapon Emporium.
 15651 | Orc:2    | Found Suafim's Distillery.
 15677 | Orc:2    | Bought a scroll of teleportation for 93 gold pieces
 15677 | Orc:2    | Bought a potion of might for 124 gold pieces
 16420 | D:12     | Noticed a minotaur
 16427 | D:12     | Killed a minotaur
 16428 | D:12     | Reached skill level 5 in Invocations
 16710 | Lair:1   | Entered Level 1 of the Lair of Beasts
 16717 | D:8      | Reached skill level 5 in Throwing
 16896 | Lair:1   | Found an ancient bone altar of Kikubaaqudgha.
 17025 | Lair:1   | Reached skill level 5 in Shields
 17276 | Lair:1   | Noticed Sonja
 17602 | Lair:1   | Killed Sonja
 18079 | Lair:2   | Noticed Prince Ribbit
 18101 | Lair:1   | Killed Prince Ribbit
 18553 | Lair:2   | Noticed Harold
 18580 | Lair:2   | Killed Harold
 19247 | Lair:3   | Reached XP level 14. HP: 131/131 MP: 17/17
 19393 | Lair:3   | Found a staircase to the Shoals.
 19685 | Lair:3   | Found a runed translucent gate.
 19685 | Lair:3   | Found a runed translucent gate.
 19685 | Lair:3   | Found a runed translucent gate.
 19695 | Lair:3   | Noticed PriceMaster's ghost (journeyman OpCj)
 19695 | Lair:3   | Noticed Jasyk's ghost (journeyman DsFi)
 19869 | Lair:3   | Found a sacrificial altar of Ru.
 19977 | Lair:3   | Found a hole to the Spider Nest.
 20987 | Lair:4   | Reached ****** piety under the Shining One
 21552 | Lair:5   | Entered Level 5 of the Lair of Beasts
 22207 | Lair:5   | Found a staircase to the Slime Pits.
 22209 | Lair:5   | Found a viscous altar of Jiyva.
 22910 | Lair:5   | Identified the storm talisman of Dishonesty {Str+2 Int+3
                  | Slay+2}
 22910 | Lair:5   | Identified the +0 rapier "Boadghegg" {flame, rPois Str-2
                  | Dex+6}
 22917 | Lair:5   | Identified the +5 short sword "Giantslayer" {spect, Will+}
 23003 | Lair:5   | Reached skill level 16 in Shapeshifting
 24131 | D:13     | Found a transporter.
 24133 | D:13     | Noticed Newt's ghost (journeyman MfGl)
 24154 | D:12     | Reached XP level 15. HP: 141/141 MP: 20/20
 24473 | D:13     | Found a transporter.
 24621 | D:13     | Found a portal to a secret trove of treasure.
 24717 | D:9      | Bought a scroll of blinking for 97 gold pieces
 24831 | D:13     | You paid a toll of 3 scrolls of blinking to enter a
                  | treasure trove
 24832 | Trove    | Entered a treasure trove
 24832 | Trove    | Found the brooch of Shielding {Spirit SH+8}
 24832 | Trove    | Found the necklace of Bloodlust {Fury *Rage Will++ Int-3
                  | Slay+6}
 24840 | Trove    | Identified the amulet of Cica {Spirit rF+ rN+}
 24850 | Trove    | Identified the ring "Robbaf" {Fly Dex+4}
 24877 | Trove    | Identified the ring "Adwiwe Adys" {Ice +Blink Slay+3
                  | Stlth+}
 24888 | Trove    | Identified the amulet "Zistipt" {Spirit ^Fragile rElec rF++
                  | Str+4}
 24890 | Trove    | Identified the ring "Ogodiufi" {Fly rElec Int+2}
 24892 | Trove    | Identified the ring "Toblezut" {Fly rElec Int-4 Dex+2}
 26170 | D:14     | Reached skill level 17 in Shapeshifting
 26675 | D:14     | Found a gate to the Vaults.
 26728 | D:15     | Entered Level 15 of the Dungeon
 27198 | D:14     | HP: 1/141 [death knight/+1 battleaxe of flaming (12)]
 27499 | Spider:1 | Entered Level 1 of the Spider Nest
 27513 | Spider:1 | Reached skill level 10 in Invocations
 27522 | Spider:1 | HP: 9/211 [demonic crawler (15)]
 27523 | Spider:1 | Mangled by a demonic crawler

Illustrated notes

Levels and vault maps discovered:
D:1:      dpeg_arrival_houses_and_road, layout_rooms, minmay_misc_feat_alley
D:2:      minmay_angry_zag, layout_loops_corners,
          hangedman_decor_clover_reticule
D:3:      cheibrodos_old_hovel, layout_loops_ring, trog_hazing_becter,
          jmf_multi_god_temple2, minmay_misc_feat_pillars,
          uniq_crazy_yiuf_cottage
D:4:      layout_basic, kennysheep_mini, serial_bayou_pond_d
D:5:      layout_cave_pods, kiku_gazebo_garden_becter, nicolae_stop_n_shop_2
D:6:      layout_rooms, grunt_temple_overflow_order_and_chaos_1,
          elyvilon_altar_5, minmay_temple_entry_slanted, uniq_blork_the_orc
D:7:      layout_basic, enter_ossuary_2
D:8:      layout_cave_pools, nicolae_dithmenos_shadow_blocks,
          makhleb_altar_promises_db, dpeg_oklobed_lair, serial_column_ruins,
          column_ruins_temple_circle, column_ruins_corridor_straight,
          column_ruins_open_tiny, column_ruins_corridor_straight,
          column_ruins_grid_1, column_ruins_grid_1, column_ruins_open_medium,
          minmay_increasing_density, uniq_maggie, uniq_grum, uniq_psyche
D:9:      layout_small_grid, mainiacjoe_overflow_alcove_1, serial_shops,
          shop_statue, nicolae_wooded_promenade, minmay_misc_feat_doors,
          dk_vineyard_3, kennysheep_generic_room_16
D:10:     layout_layer_cave, marbit_many_paths, hiddenorc2_lemuel
D:11:     layout_long_grid
D:12:     layout_irregular_city, mainiacjoe_labyrinth_nostalgia, uniq_kirke,
          uniq_josephine
D:13:     layout_loops_ring, enter_trove_1, gammafunk_ghost_berserking_beasts
D:14:     layout_gridville, david_vaults_4, lightli_minifort
D:15:     grunt_enter_depths_snipers, layout_loops_ring, serial_shops, shop,
          hangedman_decor_opposing, grunt_decor_resistance,
          nicolae_ru_the_path_less_chosen
Temple:   compressed_dpeg_circular_temple
Lair:1:   beast_lair_carwin_large_2, layout_chaotic_city, basic_altar,
          grunt_megastairs_5, serial_bayou_shore_a, uniq_sonja
Lair:2:   layout_gridlike, uniq_prince_ribbit2, uniq_harold
Lair:3:   layout_gridlike, elwin_shoals_entry_rooms, spider_nest_entry_rubble,
          basic_altar, gammafunk_ghost_cemetery, nicolae_quartered_pool_little,
          beast_lair_carwin_5, infiniplex_staircase_pool_2
Lair:4:   layout_cave_pods, serial_bayou_shore_b
Lair:5:   minmay_lair_end_enchanted_forest, layout_gridlike, slime_entry_1,
          lemuel_fruit_tree
Spider:1: layout_spider_delve
Orc:1:    layout_diamond_mine
Orc:2:    st_orc_elflike, layout_diamond_mine, serial_shops,
          nicolae_shop_just_a_little_nook, nicolae_orc_tapped_out

Skill      XL: |  1  2  3  4  5  6  7  8  9 10 11 12 13 14 15 |
---------------+----------------------------------------------+-----
Fighting       | 1 2 3 4 5 6 7 |  7.6
Dodging        | 2 3 4 5 6 7 |  7.7
Shapeshifting  | 4 5 6 7 8 9 13 15 16 17 | 17.2
Unarmed Combat | 4 5 6 7 8 9 |  9.4
Throwing       | 1 3 4 5 7 |  7.0
Shields        | 1 3 4 5 6 |  6.8
Invocations    | 1 2 4 6 8 10 | 10.0

Action                     |  1- 3 |  4- 6 |  7- 9 | 10-12 | 13-15 || total
---------------------------+-------+-------+-------+-------+-------++-------
  Melee: Unarmed           |    87 |   120 |   230 |   577 |   708 ||  1722
         Punch             |     1 |     2 |     2 |       |       ||     5
         Maw               |       |       |       |       |   228 ||   228
  Throw: Throwing net      |       |     2 |     1 |     1 |       ||     4
         Boomerang         |       |       |    11 |   201 |   217 ||   429
         Large rock        |       |       |       |    29 |    49 ||    78
         Dart              |       |       |       |     1 |     1 ||     2
 Invoke: Divine Shield     |       |       |     2 |     8 |     7 ||    17
Ability: Begin Untransform |       |       |     2 |     3 |     2 ||     7
  Evoke: Wand              |       |       |     2 |     5 |     7 ||    14
    Use: Scroll            |       |     6 |     3 |    21 |    12 ||    42
         Potion            |       |       |     3 |     5 |     3 ||    11
   Stab: Sleeping          |       |     1 |       |       |       ||     1
 Armour: Animal skin       |    57 |    88 |    59 |       |       ||   204
         Skin              |       |       |    23 |   113 |   500 ||   636
         Steam dragon scal |       |       |   103 |    56 |       ||   159
         Acid dragon scale |       |       |       |   325 |    84 ||   409
  Dodge: Dodged            |    63 |    59 |    97 |   284 |   291 ||   794
  Block: Kite shield       |       |       |    57 |   237 |   333 ||   627
   Form: Beast             |       |       |     2 |     1 |       ||     3
         Flux              |       |       |       |     2 |       ||     2
         Maw               |       |       |       |       |     2 ||     2

Table legend: (Time is in decaauts)
 A = Elapsed time spent in this place.
 B = Non-inter-level travel time spent in this place.
 C = Inter-level travel time spent in this place.
 D = Time resting spent in this place.
 E = Time spent auto-exploring this place.
 F = Levels seen in this place.
 G = Mean time per level.
                   A        B        C        D        E       F      G
               +--------+--------+--------+--------+--------+-----+--------+
         Total |  27781 |  25814 |   1967 |   4897 |  11520 |  26 | 1068.5 |
       Dungeon |  17623 |  16074 |   1549 |   3283 |   7558 |  15 | 1174.9 |
        Temple |    193 |    193 |      0 |    133 |      0 |   1 |  193.0 |
          Lair |   6699 |   6332 |    367 |    709 |   3321 |   5 | 1339.8 |
   Spider Nest |     22 |     22 |      0 |      0 |      0 |   1 |   22.0 |
  Orcish Mines |   2770 |   2721 |     49 |    572 |    638 |   2 | 1385.0 |
         Trove |     73 |     73 |      0 |      0 |      3 |   1 |   73.0 |
       Ossuary |    398 |    398 |      0 |    200 |      0 |   1 |  398.0 |
               +--------+--------+--------+--------+--------+-----+--------+

Top non-repeatable levels by time:
    D:12: 2214 daAuts
    D:10: 2053 daAuts
   Orc:2: 1996 daAuts
  Lair:5: 1603 daAuts
    D:14: 1595 daAuts
  Lair:1: 1482 daAuts
  Lair:4: 1340 daAuts
  Lair:3: 1306 daAuts
     D:7: 1269 daAuts
    D:11: 1236 daAuts
    D:13: 1230 daAuts
     D:4: 1160 daAuts
     D:9: 1136 daAuts
     D:5: 1029 daAuts
     D:8: 984 daAuts
